TOP OF THE 1ST |
Burlington Bees batting - Pitching for Greenville Drive : RHP Salisbury Swanson
|
Pitching: RHP Salisbury Swanson
|
|
Batting: RHB Jonathan Ellis
|
0-0: Called Strike 0-1: SINGLE (Groundball, 56S, EV 73.1 MPH) (infield hit)
|
Batting: RHB Ryan Munro
|
0-0: Foul Ball, location: 2F 0-1: Ball 1-1: Ball 2-1: Ball 3-1: Called Strike Jonathan Ellis steals 2nd base 3-2: Base on Balls
|
Batting: LHB Rusty Ney
|
0-0: Ball 1-0: TRIPLE (Flyball, 78XD, EV 100.6 MPH) Jonathan Ellis scores Ryan Munro scores
|
Batting: RHB Luis Romero
|
0-0: Called Strike 0-1: Foul Ball, location: 2F 0-2: Ball 1-2: Strikes out looking
|
Batting: LHB Jorge Zermeno
|
0-0: Ball 1-0: Ball 2-0: Called Strike 2-1: Ball 3-1: Ground out 4-3 (Groundball, 4S, EV 82.5 MPH) Rusty Ney scores
|
Batting: RHB Greg Burdine
|
0-0: Ball 1-0: Called Strike 1-1: Ball 2-1: SOLO HOME RUN (Flyball, 7D, EV 99.4 MPH), Distance : 394 ft
|
Batting: RHB Ben Herman
|
0-0: Ball 1-0: Fly out, F8 (Flyball, 8RD, EV 88.1 MPH)
|
Top of the 1st over - 4 runs, 3 hits, 0 errors, 0 left on base; Burlington 4 - Greenville 0 |
BOTTOM OF THE 1ST |
Greenville Drive batting - Pitching for Burlington Bees : RHP Humberto Paniagua
|
Pitching: RHP Humberto Paniagua
|
|
Batting: LHB Sergio Tinoco
|
0-0: Ball 1-0: Reached on error, E4 (Groundball, 4, EV 92.5 MPH)
|
Batting: RHB Dan Friess
|
0-0: Called Strike 0-1: Called Strike 0-2: Strikes out swinging
|
Batting: LHB Jarrett Mordecai
|
0-0: Called Strike 0-1: Ball 1-1: Swinging Strike 1-2: Foul Ball, location: 2F 1-2: Ball 2-2: Ball 3-2: Foul Ball, location: 2F 3-2: Strikes out swinging
|
Batting: RHB Devon Fourcade
|
0-0: Called Strike 0-1: Ball 1-1: Foul Ball, location: 2F 1-2: Ball 2-2: Ball 3-2: Ground out 5-3 (Groundball, 56, EV 105.6 MPH)
|
Bottom of the 1st over - 0 runs, 0 hits, 1 error, 1 left on base; Burlington 4 - Greenville 0 |
TOP OF THE 2ND |
Burlington Bees batting - Pitching for Greenville Drive : RHP Salisbury Swanson
|
Batting: SHB Tim Connell
|
0-0: Ball 1-0: Called Strike 1-1: Ball 2-1: Foul Ball, location: 2F 2-2: Ground out 4-3 (Groundball, 34, EV 105.6 MPH)
|
Batting: RHB Rob Bly
|
0-0: Ball 1-0: Called Strike 1-1: Swinging Strike 1-2: Foul Ball, location: 2F 1-2: Foul Ball, location: 2F 1-2: Ground out 6-3 (Groundball, 6, EV 86.9 MPH)
|
Batting: RHB Jonathan Ellis
|
0-0: Ball 1-0: TRIPLE (Flyball, 89XD, EV 93.1 MPH)
|
Batting: RHB Ryan Munro
|
0-0: Foul Ball, location: 2F 0-1: Fly out, F7 (Flyball, 78M, EV 85.0 MPH)
|
Top of the 2nd over - 0 runs, 1 hit, 0 errors, 1 left on base; Burlington 4 - Greenville 0 |
BOTTOM OF THE 2ND |
Greenville Drive batting - Pitching for Burlington Bees : RHP Humberto Paniagua
|
Batting: RHB Tommy Boudreaux
|
0-0: Called Strike 0-1: Ball 1-1: Foul Ball, location: 2F 1-2: Strikes out swinging
|
Batting: RHB David Norum
|
0-0: Called Strike 0-1: Called Strike 0-2: Foul Ball, location: 2F 0-2: Fly out, F8 (Flyball, 89D, EV 101.2 MPH)
|
Batting: RHB John Chiesa
|
0-0: Ball 1-0: Ball 2-0: SINGLE (Groundball, 6M, EV 100.6 MPH)
|
Batting: RHB Paul Long
|
0-0: Ball John Chiesa steals 2nd, throwing error, E2 John Chiesa to third 1-0: Ball 2-0: Ball 3-0: Called Strike 3-1: Fly out, F7 (Flyball, 7, EV 90.0 MPH)
|
Bottom of the 2nd over - 0 runs, 1 hit, 1 error, 1 left on base; Burlington 4 - Greenville 0 |
TOP OF THE 3RD |
Burlington Bees batting - Pitching for Greenville Drive : RHP Salisbury Swanson
|
Batting: LHB Rusty Ney
|
0-0: Ball 1-0: Ball 2-0: Foul Ball, location: 2F 2-1: Swinging Strike 2-2: Strikes out swinging
|
Batting: RHB Luis Romero
|
0-0: Swinging Strike 0-1: Called Strike 0-2: Foul Ball, location: 2F 0-2: Strikes out swinging
|
Batting: LHB Jorge Zermeno
|
0-0: Ball 1-0: Called Strike 1-1: Foul Ball, location: 2F 1-2: Ball 2-2: Strikes out swinging
|
Top of the 3rd over - 0 runs, 0 hits, 0 errors, 0 left on base; Burlington 4 - Greenville 0 |
BOTTOM OF THE 3RD |
Greenville Drive batting - Pitching for Burlington Bees : RHP Humberto Paniagua
|
Batting: RHB Erik Nunez
|
0-0: Called Strike 0-1: Ground out 5-3 (Groundball, 56, EV 83.8 MPH)
|
Batting: LHB Sergio Tinoco
|
0-0: Swinging Strike 0-1: Foul Ball, location: 2F 0-2: Ball 1-2: Fly out, F7 (Flyball, 7S, EV 86.9 MPH)
|
Batting: RHB Dan Friess
|
0-0: Ball 1-0: Called Strike 1-1: Called Strike 1-2: Foul Ball, location: 2F 1-2: Ball 2-2: Ball 3-2: Foul Ball, location: 2F 3-2: DOUBLE (Line Drive, 7LS, EV 108.8 MPH)
|
Batting: LHB Jarrett Mordecai
|
0-0: Foul Ball, location: 2F 0-1: Called Strike 0-2: Foul Ball, location: 2F 0-2: Strikes out swinging
|
Bottom of the 3rd over - 0 runs, 1 hit, 0 errors, 1 left on base; Burlington 4 - Greenville 0 |
TOP OF THE 4TH |
Burlington Bees batting - Pitching for Greenville Drive : RHP Salisbury Swanson
|
Batting: RHB Greg Burdine
|
0-0: Ball 1-0: Called Strike 1-1: Ground out 4-3 (Groundball, 4, EV 94.4 MPH)
|
Batting: RHB Ben Herman
|
0-0: Called Strike 0-1: Called Strike 0-2: Ball 1-2: Foul Ball, location: 2F 1-2: Ball 2-2: Ball 3-2: DOUBLE (Line Drive, 78M, EV 104.4 MPH)
|
Batting: SHB Tim Connell
|
0-0: Called Strike 0-1: Called Strike 0-2: Foul Ball, location: 2F 0-2: Strikes out swinging
|
Batting: RHB Rob Bly
|
0-0: Ball 1-0: Called Strike 1-1: Ground out 6-3 (Groundball, 6, EV 83.1 MPH)
|
Top of the 4th over - 0 runs, 1 hit, 0 errors, 1 left on base; Burlington 4 - Greenville 0 |
BOTTOM OF THE 4TH |
Greenville Drive batting - Pitching for Burlington Bees : RHP Humberto Paniagua
|
Batting: RHB Devon Fourcade
|
0-0: Ball 1-0: Swinging Strike 1-1: Ball 2-1: Ground out 6-3 (Groundball, 6, EV 95.0 MPH)
|
Batting: RHB Tommy Boudreaux
|
0-0: Foul Ball, location: 2F 0-1: Ball 1-1: Ball 2-1: Called Strike 2-2: Ball 3-2: Base on Balls
|
Batting: RHB David Norum
|
0-0: Foul Ball, location: 2F 0-1: Ball 1-1: Called Strike 1-2: Fielders Choice at 2nd, 1-4 (Groundball, P, EV 67.5 MPH)
|
Batting: RHB John Chiesa
|
0-0: Called Strike 0-1: Called Strike 0-2: Foul Ball, location: 2F 0-2: Hit by Pitch David Norum to second
|
Batting: RHB Paul Long
|
0-0: Called Strike 0-1: Foul Ball, location: 2F 0-2: Ball 1-2: Fly out, F8 (Flyball, 8RD, EV 81.9 MPH)
|
Bottom of the 4th over - 0 runs, 0 hits, 0 errors, 2 left on base; Burlington 4 - Greenville 0 |
TOP OF THE 5TH |
Burlington Bees batting - Pitching for Greenville Drive : RHP Salisbury Swanson
|
Batting: RHB Jonathan Ellis
|
0-0: DOUBLE (Groundball, 5L, EV 105.6 MPH)
|
Batting: RHB Ryan Munro
|
0-0: Ball 1-0: Called Strike 1-1: Foul Ball, location: 2F 1-2: Ball 2-2: Ball 3-2: Strikes out swinging
|
Batting: LHB Rusty Ney
|
0-0: Ball 1-0: Called Strike 1-1: Ball 2-1: Ball 3-1: Foul Ball, location: 2F 3-2: Base on Balls
|
Batting: RHB Luis Romero
|
0-0: Ball 1-0: Foul Ball, location: 2F 1-1: Swinging Strike 1-2: Strikes out swinging
|
Pitching: LHP Dave Martin
|
|
Batting: LHB Jorge Zermeno
|
0-0: Foul Ball, location: 2F 0-1: Ball 1-1: Foul Ball, location: 2F 1-2: Strikes out swinging
|
Top of the 5th over - 0 runs, 1 hit, 0 errors, 2 left on base; Burlington 4 - Greenville 0 |
BOTTOM OF THE 5TH |
Greenville Drive batting - Pitching for Burlington Bees : RHP Humberto Paniagua
|
Batting: RHB Erik Nunez
|
0-0: Ball 1-0: Foul Ball, location: 2F 1-1: Ball 2-1: Foul Ball, location: 2F 2-2: Ball 3-2: Strikes out swinging
|
Pitching: LHP Jose Rivera
|
|
Batting: LHB Sergio Tinoco
|
0-0: Foul Ball, location: 2F 0-1: Swinging Strike 0-2: Strikes out looking
|
Batting: RHB Dan Friess
|
0-0: Ball 1-0: Called Strike 1-1: Ball 2-1: Foul Ball, location: 2F 2-2: Ground out U3 (Groundball, 34S, EV 88.8 MPH)
|
Bottom of the 5th over - 0 runs, 0 hits, 0 errors, 0 left on base; Burlington 4 - Greenville 0 |
TOP OF THE 6TH |
Burlington Bees batting - Pitching for Greenville Drive : LHP Dave Martin
|
Batting: RHB Greg Burdine
|
0-0: Called Strike 0-1: Ball 1-1: Ball 2-1: Foul Ball, location: 2F 2-2: Foul Ball, location: 2F 2-2: Foul Ball, location: 2F 2-2: Ground out 5-3 (Groundball, 56, EV 85.0 MPH)
|
Batting: RHB Ben Herman
|
0-0: Ball 1-0: Swinging Strike 1-1: Fly out, F8 (Flyball, 8RXD, EV 93.1 MPH)
|
Batting: SHB Tim Connell
|
0-0: Ground out 6-3 (Groundball, P, EV 78.1 MPH)
|
Top of the 6th over - 0 runs, 0 hits, 0 errors, 0 left on base; Burlington 4 - Greenville 0 |
BOTTOM OF THE 6TH |
Greenville Drive batting - Pitching for Burlington Bees : LHP Jose Rivera
|
Batting: LHB Jarrett Mordecai
|
0-0: Called Strike 0-1: Ball 1-1: Called Strike 1-2: Strikes out swinging
|
Batting: RHB Devon Fourcade
|
0-0: Ball 1-0: Ground out 6-3 (Groundball, 6MD, EV 103.1 MPH)
|
Batting: RHB Tommy Boudreaux
|
0-0: Swinging Strike 0-1: Called Strike 0-2: Ball 1-2: Ground out 4-3 (Groundball, 4, EV 87.5 MPH)
|
Bottom of the 6th over - 0 runs, 0 hits, 0 errors, 0 left on base; Burlington 4 - Greenville 0 |
TOP OF THE 7TH |
Burlington Bees batting - Pitching for Greenville Drive : LHP Dave Martin
|
Pitching: RHP Cameron Williams
|
|
Batting: RHB Rob Bly
|
0-0: Ball 1-0: Called Strike 1-1: Ball 2-1: Foul Ball, location: 2F 2-2: Strikes out swinging
|
Batting: RHB Jonathan Ellis
|
0-0: Ball 1-0: Called Strike 1-1: Ball 2-1: Called Strike 2-2: Fly out, F8 (Flyball, 78M, EV 94.4 MPH)
|
Batting: RHB Ryan Munro
|
0-0: Called Strike 0-1: Ball 1-1: Ball 2-1: SINGLE (Groundball, 6M, EV 104.4 MPH) (infield hit)
|
Batting: LHB Rusty Ney
|
0-0: Swinging Strike 0-1: Called Strike 0-2: Ball 1-2: Strikes out swinging
|
Top of the 7th over - 0 runs, 1 hit, 0 errors, 1 left on base; Burlington 4 - Greenville 0 |
BOTTOM OF THE 7TH |
Greenville Drive batting - Pitching for Burlington Bees : LHP Jose Rivera
|
Pitching: LHP Jordan Galdamez
|
|
Batting: RHB David Norum
|
0-0: Called Strike 0-1: Swinging Strike 0-2: Ball 1-2: Strikes out swinging
|
Batting: RHB John Chiesa
|
0-0: Swinging Strike 0-1: Swinging Strike 0-2: Ball 1-2: Ground out 4-3 (Groundball, 4M, EV 81.9 MPH)
|
Batting: RHB Paul Long
|
0-0: Called Strike 0-1: Ball 1-1: Ball 2-1: Swinging Strike 2-2: Foul Ball, location: 2F 2-2: Ball 3-2: Base on Balls
|
Batting: RHB Erik Nunez
|
0-0: Ground out 5-3 (Groundball, 56S, EV 88.1 MPH)
|
Bottom of the 7th over - 0 runs, 0 hits, 0 errors, 1 left on base; Burlington 4 - Greenville 0 |
TOP OF THE 8TH |
Burlington Bees batting - Pitching for Greenville Drive : RHP Cameron Williams
|
Pitching: LHP Jason Kell
|
|
Batting: RHB Luis Romero
|
0-0: Ball 1-0: Ball 2-0: Fly out, F7 (Flyball, 7D, EV 86.9 MPH)
|
Batting: LHB Jorge Zermeno
|
0-0: Ball 1-0: Called Strike 1-1: Called Strike 1-2: Strikes out looking
|
Batting: RHB Greg Burdine
|
0-0: Ball 1-0: Swinging Strike 1-1: Ball 2-1: Ball 3-1: Foul Ball, location: 2F 3-2: SINGLE (Line Drive, 9LS, EV 108.1 MPH)
|
Batting: RHB Ben Herman
|
0-0: Ball 1-0: Foul Ball, location: 2F 1-1: Called Strike Greg Burdine steals 2nd base 1-2: Ball 2-2: Foul Ball, location: 2F 2-2: Foul Ball, location: 2F 2-2: Strikes out swinging
|
Top of the 8th over - 0 runs, 1 hit, 0 errors, 1 left on base; Burlington 4 - Greenville 0 |
BOTTOM OF THE 8TH |
Greenville Drive batting - Pitching for Burlington Bees : LHP Jordan Galdamez
|
Batting: LHB Sergio Tinoco
|
0-0: Ground out 6-3 (Groundball, 6M, EV 86.9 MPH)
|
Batting: RHB Dan Friess
|
0-0: Ball 1-0: Ball 2-0: Called Strike 2-1: Foul Ball, location: 2F 2-2: Fly out, F7 (Flyball, 78M, EV 72.5 MPH)
|
Batting: LHB Jarrett Mordecai
|
0-0: Ball 1-0: Ball 2-0: Ball 3-0: Base on Balls
|
Batting: RHB Devon Fourcade
|
0-0: Ball 1-0: Foul Ball, location: 2F 1-1: Hit by Pitch Jarrett Mordecai to second
|
Batting: RHB Tommy Boudreaux
|
0-0: Swinging Strike 0-1: Ball 1-1: Called Strike 1-2: Ball 2-2: TRIPLE (Line Drive, 9LD, EV 103.8 MPH) Jarrett Mordecai scores Devon Fourcade scores
|
Batting: RHB David Norum
|
0-0: Called Strike 0-1: Ball 1-1: Ground out 6-3 (Groundball, 6, EV 83.8 MPH)
|
Bottom of the 8th over - 2 runs, 1 hit, 0 errors, 1 left on base; Burlington 4 - Greenville 2 |
TOP OF THE 9TH |
Burlington Bees batting - Pitching for Greenville Drive : LHP Jason Kell
|
Pitching: RHP Roberto Morales
|
|
Batting: SHB Tim Connell
|
0-0: Ball 1-0: Ball 2-0: Ground out U3 (Groundball, 34S, EV 86.9 MPH)
|
Batting: RHB Rob Bly
|
0-0: Swinging Strike 0-1: Called Strike 0-2: Strikes out looking
|
Batting: RHB Jonathan Ellis
|
0-0: Ball 1-0: DOUBLE (Line Drive, 7LM, EV 104.4 MPH)
|
Batting: RHB Ryan Munro
|
0-0: Called Strike 0-1: Ball 1-1: Swinging Strike 1-2: Fly out, F8 (Flyball, 8LD, EV 90.6 MPH)
|
Top of the 9th over - 0 runs, 1 hit, 0 errors, 1 left on base; Burlington 4 - Greenville 2 |
BOTTOM OF THE 9TH |
Greenville Drive batting - Pitching for Burlington Bees : LHP Jordan Galdamez
|
Pitching: RHP Trece Hunter
|
|
Batting: RHB John Chiesa
|
0-0: Ball 1-0: Ball 2-0: Ball 3-0: Called Strike 3-1: Fly out, F5 (Popup, 56, EV 73.8 MPH)
|
Batting: RHB Paul Long
|
0-0: Called Strike 0-1: Foul Ball, location: 2F 0-2: Strikes out swinging
|
Pinch Hitting: SHB Rafael Perez
|
0-0: Ball 1-0: Foul Ball, location: 2F 1-1: Fly out, F7 (Flyball, 7LS, EV 71.9 MPH)
|
Bottom of the 9th over - 0 runs, 0 hits, 0 errors, 0 left on base; Burlington 4 - Greenville 2 |
|